 Dungeon Crawl Stone Soup version 0.31.0-9-g3a7656b989 (webtiles) character file.

Game seed: 2604253105503176889

43 qw the Shooter (level 3, -1/18 HPs)
             Began as a Spriggan Hunter on Feb 2, 2024.
             Succumbed to their own poison gas
             ... on level 1 of the Dungeon.
             The game lasted 00:00:03 (724 turns).

qw the Shooter (Spriggan Hunter)                     Turns: 724, Time: 00:00:03

Health: -1/18      AC:  2    Str:  7    XL:     3   Next: 37%
Magic:  4/4        EV: 19    Int: 10    God:
Gold:   69         SH:  0    Dex: 20    Spells: 2/2 levels left

rFire   . . .        a - +0 shortbow
rCold   . . .        (shield currently unavailable)
rNeg    . . .        c - +0 robe
rPois   .            (helmet restricted)
rElec   .            (no cloak)
rCorr   .            (gloves unavailable)
SInv    +            (boots unavailable)
Will    .....        (no amulet)
Stlth   ++           (no ring)
HPRegen 0.23/turn    (no ring)
MPRegen 0.09/turn

%: no passive effects
@: lethally poisoned (-1 -> -14), very quick
A: very small, no large weapons, unfitting armour, see invisible, speed 3
a: no special abilities


You were on level 1 of the Dungeon.
You visited 1 branch of the dungeon, and saw 1 of its levels.

You collected 69 gold pieces.


Innate Abilities, Weirdness & Mutations

You are very small and have problems with some larger weapons.
You are too small for most types of armour.
You have supernaturally acute eyesight. (SInv)
You cover ground extremely quickly. (Speed+++)


   Skills:
 - Level 1.5 Fighting
 + Level 4.7 Ranged Weapons
 - Level 4.0 Dodging
 - Level 1.5 Stealth


You had 2 spell levels left.
You didn't know any spells.
Your spell library was empty.

Inventory:

Hand Weapons
 a - a +0 shortbow (weapon)
Armour
 c - a +0 robe (worn)
Potions
 e - a potion of attraction {unknown}
 f - a potion of lignification {unknown}

Dungeon Overview and Level Annotations

Branches:
Dungeon (1/15)

Altars:

Shops:
D:1 [(?[


Message History

It was a scroll of blinking.
Done exploring.
715 ||| READING scroll labelled JAFUGIRESSI.
The air fills with toxic fumes!
As you read the scroll labelled JAFUGIRESSI, it crumbles to dust.
It was a scroll of poison.
Done exploring.
716 ||| DRINKING 2 emerald potions.
It was a potion of curing.
You feel better.
Done exploring.
717 ||| DROPPING scroll of blinking.
You drop a scroll of blinking.
Done exploring.
What level of the Dungeon? (default 1, ? - help) Sorry, I don't know how to get there.
Enter note:
Enter note:
Enter note:
Enter note:
Enter note:
Enter note:
Enter note:
Enter note:
Enter note: You are engulfed in poison gas.
You are lethally poisoned!
You feel very sick.
719 ||| Stepping ~*~*~tactically~*~*~ (cloud).
You feel sick.
You see here a scroll of blinking.
720 ||| DRINKING potion of curing.
You feel better.
720 ||| (to cure poison)
You are engulfed in poison gas.
You are lethally poisoned!
You feel very sick.
722 ||| Stepping ~*~*~tactically~*~*~ (cloud).
You feel very sick.
You see here a scroll of blinking.
There is a lethal amount of poison in your body!
You feel very sick.
There is a lethal amount of poison in your body!
You die...

......\...# #.# #..# #.....
.....#.#..# #¤# #..# #.....
>...#..#### #0# #..# ####.#
###.#.## #¤#####..### #.# #.#.#
#¤##.......# #.#
#.#.##########0##.#####.# #.#
#.#....¤¤¤¤¤¤00##¤#############
###....¤¤¤¤¤0¤¤¤¤0#.....~.~~~~P
###
##.####.#.##@##.#...~..PP~~~~
#\####.#
#.#.##0¤¤.#.~~~~~P~~~~~
....##.#
#.#.##0##0¤.~..~~~~~~~~
###.##.#
#.#.##¤##.¤¤0...~~~~~~~ #
#.##.## #..>##0####¤7)~..~~~..~
###.#...####..##¤#
#.¤.###.~.##.
..............##¤# #####
##.#### ###.#...####.###.# ###
####### ##.##.#####.###.#
#.#####.#..#


There were no monsters in sight!

Vanquished Creatures
  9 bats (D:1)
  2 endoplasms (D:1)
  3 giant cockroaches (D:1)
  7 hobgoblins (D:1)
  4 jackals (D:1)
  3 quokkas (D:1)
  2 ball pythons (D:1)
  2 frilled lizards (D:1)
  4 kobolds (D:1)
  A rat (D:1)
37 creatures vanquished.

Notes
Turn   | Place    | Note
-------+----------+-------------------------------------------
     0 | D:1      | qw the Spriggan Hunter began the quest for the Orb.
     0 | D:1      | Reached XP level 1. HP: 10/10 MP: 2/2
     0 | D:1      | 0 ||| qw: Version: 0.3-a-155-g5e7d8dd
     0 | D:1      | 0 ||| qw: Game counter: 1588
     0 | D:1      | 0 ||| qw: Melee chars always use a shield: true
     0 | D:1      | 0 ||| qw: God list: Okawaru
     0 | D:1      | 0 ||| qw: Allow faded altars: false
     0 | D:1      | 0 ||| qw: Do Orc after clearing Dungeon:15 true
     0 | D:1      | 0 ||| qw: Do second Lair branch before Depths: true
     0 | D:1      | 0 ||| qw: Lair rune preference: random
     0 | D:1      | 0 ||| qw: Goals: Normal
     0 | D:1      | 0 ||| PLANNING D:1-11
    30 | D:1      | Found Acaank's Antique Armour Shop.
    36 | D:1      | Reached skill level 3 in Dodging
    40 | D:1      | 40 ||| DROPPING scroll of butterflies.
    57 | D:1      | Found Iholunn's Magic Scroll Emporium.
    67 | D:1      | 67 ||| SHOPLISTING scroll of identify (28 gold, have 0).
    84 | D:1      | Reached XP level 2. HP: 14/14 MP: 3/3
   112 | D:1      | Found Vibior's Antique Armour Boutique.
   118 | D:1      | 118 ||| SHOPLISTING embroidered robe (81 gold, have 0).
   118 | D:1      | 118 ||| SHOPLISTING glowing scarf (176 gold, have 0).
   190 | D:1      | 190 ||| RETREEEEATING.
   193 | D:1      | 193 ||| RETREEEEATING.
   194 | D:1      | 194 ||| RETREEEEATING.
   195 | D:1      | 195 ||| RETREEEEATING.
   358 | D:1      | Reached XP level 3. HP: 18/18 MP: 4/4
   494 | D:1      | Found Fatzogonn's Weapon Boutique.
   714 | D:1      | 714 ||| READING 2 scrolls labelled JYGEPLITEM.
   715 | D:1      | 715 ||| READING scroll labelled JAFUGIRESSI.
   716 | D:1      | 716 ||| DRINKING 2 emerald potions.
   717 | D:1      | 717 ||| DROPPING scroll of blinking.
   719 | D:1      | 719 ||| Stepping ~*~*~tactically~*~*~ (cloud).
   720 | D:1      | 720 ||| DRINKING potion of curing.
   720 | D:1      | 720 ||| (to cure poison)
   722 | D:1      | 722 ||| Stepping ~*~*~tactically~*~*~ (cloud).
   723 | D:1      | HP: 2/18 [poisoned by you (poison gas)]
   724 | D:1      | Succumbed to their own poison gas

Levels and vault maps discovered:
D:1:      lightli_arrival_windingriver, layout_loops_ring, serial_shops, shop,
          nicolae_shop_just_a_little_nook, shop, nicolae_shop_crystal,
          hangedman_decor_lopped, st_stairs_4, minmay_misc_feat_square

Skill      XL: |  1  2 |
---------------+-------+-----
Dodging        | 3 4 |  4.0
Fighting       | |  1.5
Ranged Weapons | |  4.7
Stealth        | |  1.5

Action                     || total
---------------------------++-------
   Fire: Shortbow          ||    98
    Use: Scroll            ||     2
         Potion            ||     2
 Armour: Robe              ||    11
  Dodge: Dodged            ||    85

Table legend:
 A = Non-vault XP
 B = Vault XP
 C = Vault XP percentage of total XP
 D = Non-vault monster count
 E = Vault monster count
 F = Vault count percentage of total count
                 A         B        C        D         E       F
            +---------+---------+-------+---------+---------+-------
      Total |      59 |       3 |   4.8 |      35 |       2 |   5.4
            +---------+---------+-------+---------+---------+-------
        D:1 |      59 |       3 |   4.8 |      35 |       2 |   5.4
            +---------+---------+-------+---------+---------+-------
